 Dungeon Crawl Stone Soup version 0.22-a0-422-g9628fc8 (webtiles) character file.

32 4thArraOfDagon the Skirmisher (level 3, 0/31 HPs)
             Began as a Minotaur Summoner on May 16, 2018.
             Succumbed to a worker ant's poison
             ... on level 4 of the Dungeon.
             The game lasted 00:01:14 (271 turns).

4thArraOfDagon the Skirmisher (Minotaur Summoner)    Turns: 271, Time: 00:01:15

Health: 0/31       AC:  2    Str: 12    XL:     3   Next: 10%
Magic:  3/4        EV: 12    Int: 13    God:
Gold:   50         SH:  0    Dex: 10    Spells: 3/4 levels left

rFire    . . .     SeeInvis .   (no weapon)
rCold    . . .     Gourm    .   (no shield)
rNeg     . . .     Faith    .   a - +0 robe
rPois    .         Spirit   .   (helmet restricted)
rElec    .         Reflect  .   (no cloak)
rCorr    .         Harm     .   (no gloves)
MR       .....                  (no boots)
Stlth    ++........             (no amulet)
HPRegen  0.10/turn              (no ring)
MPRegen  0.09/turn              (no ring)

@: lethally poisoned (0 -> -4)
A: retaliatory headbutt, horns 2
a: no special abilities


You were on level 4 of the Dungeon.
You were not hungry.

You visited 1 branch of the dungeon, and saw 4 of its levels.

You collected 50 gold pieces.

Inventory:

Armour
 a - a +0 robe (worn)
Comestibles
 c - 5 rations


   Skills:
 + Level 3.4 Fighting
 - Level 2.1 Dodging
 - Level 1.5 Stealth
 - Level 1.3 Spellcasting
 - Level 2.9 Summonings


You had 3 spell levels left.
You knew the following spells:

 Your Spells              Type           Power        Failure   Level  Hunger
a - Summon Small Mammal   Summ           #...         9%          1    ##.....

Your spell library contained the following spells:

 Spells                   Type           Power        Failure   Level  Hunger
 Summon Ice Beast         Ice/Summ       #.......     82%         4    #####..
 Call Imp                 Summ           #.......     12%         2    ###....
 Call Canine Familiar     Summ           #.......     24%         3    ####...
 Summon Lightning Spire   Summ/Air       #.......     82%         4    #####..
 Summon Guardian Golem    Hex/Summ       #.......     41%         3    ####...


Dungeon Overview and Level Annotations

Branches:
Dungeon (4/15)
 Temple: D:4-7

Altars:

Shops:
D:4 ?


Innate Abilities, Weirdness & Mutations

You reflexively headbutt those who attack you in melee.
You have a pair of horns on your head.


Message History

Unknown command.
* * * LOW HITPOINT WARNING * * *
You feel sick.
Unknown command.
Unknown command.
* * * LOW HITPOINT WARNING * * *
You feel sick.
Found 22 sling bullets.
You see here 17 gold pieces.
Unknown command.
You now have 50 gold pieces (gained 17).
* * * LOW HITPOINT WARNING * * *
You feel sick.
* * * LOW HITPOINT WARNING * * *
You feel sick.
* * * LOW HITPOINT WARNING * * *
You feel sick.
Unknown command.
Unknown command.
You die...

#.. ### #..
...# #... ...#
..... ...##
#....####....#
#..........##
#..........#
#.@..# ###..#
#br# #..# #..#
.. #..# ..#
#..# ...# #..#
....####..#


You could see a friendly bat and a friendly rat.

Vanquished Creatures
  A worker ant (D:4)
  An orc (D:3)
  2 hobgoblins (D:3)
  3 kobolds
  A quokka (D:3)
8 creatures vanquished.

Notes
Turn   | Place    | Note
-------+----------+-------------------------------------------
     0 | D:1      | 4thArraOfDagon the Minotaur Summoner began the quest for the Orb.
     0 | D:1      | Reached XP level 1. HP: 14/14 MP: 1/1
    20 | D:1      | Thaneod: ile tych teleportow bylo?
    49 | D:1      | Reached skill level 1 in Fighting
   158 | D:3      | 4thArraOfDagon: aa troche
   182 | D:3      | Reached skill level 2 in Fighting
   182 | D:3      | Reached XP level 2. HP: 17/24 MP: 3/3
   229 | D:4      | Found Bylier's Magic Scroll Boutique.
   229 | D:4      | Noticed a scorpion
   257 | D:4      | Reached skill level 3 in Fighting
   257 | D:4      | Reached XP level 3. HP: 6/31 MP: 1/4
   265 | D:4      | HP: 1/31 [poisoned by a worker ant]
   271 | D:4      | Succumbed to a worker ant's poison

Vault maps used:
D:1:      dpeg_arrival_lava_temple_mockup, minmay_gold_behind_fungi
D:2:      elyvilon_altar_4
D:3:      first_ration, st_stairs_12
D:4:      lemuel_doored_altar, serial_shops, shop, shop

Skill      XL: |  1  2 |
---------------+-------+-----
Fighting       | 2 3 |  3.4
Dodging        | |  2.1
Stealth        | |  1.5
Spellcasting   | |  1.3
Summonings     | |  2.9

Action                   || total
-------------------------++-------
Melee: Unarmed           ||    28
       Headbutt          ||     6
 Cast: Summon Small Mamm ||     2
  Use: Scroll            ||     2
Armor: Robe              ||     6
Dodge: Dodged            ||    20

Table legend:
 A = Spawn XP
 B = Non-spawn XP
 C = Spawn XP percentage of total XP
 D = Spawn monster count
 E = Non-spawn monster count
 F = Spawn count percentage of total count
 G = Total turns spent on level
                    A         B        C        D         E        F      G
               +---------+---------+-------+---------+---------+-------+---------
         Total |       0 |      47 |   0.0 |       0 |       8 |   0.0 |   271
               +---------+---------+-------+---------+---------+-------+---------
           D:1 |       0 |       4 |   0.0 |       0 |       2 |   0.0 |    69
           D:3 |       0 |      11 |   0.0 |       0 |       5 |   0.0 |    84
           D:4 |       0 |      32 |   0.0 |       0 |       1 |   0.0 |    29
               +---------+---------+-------+---------+---------+-------+---------
